 Dungeon Crawl Stone Soup version 0.28.0-47-ge53b351184 (webtiles) character file.

Game seed: 16078173311365097997

86 Bruhh the Digger (level 4, -3/39 HPs)
             Began as an Ogre Earth Elementalist on Apr 28, 2022.
             Slain by a worm (7 damage)
             ... on level 3 of the Dungeon.
             The game lasted 00:05:37 (2427 turns).

Bruhh the Digger (Ogre Earth Elementalist)          Turns: 2427, Time: 00:05:37

Health: -3/39      AC:  5    Str: 12    XL:     4   Next: 49%
Magic:  9/9        EV:  9    Int: 18    God:
Gold:   68         SH:  0    Dex:  9    Spells: 9/10 levels left

rFire   . . .      SeeInvis .   d - +0 dagger
rCold   . . .      Faith    .   (no shield)
rNeg    . . .      Spirit   .   b - +0 robe
rPois   .          Reflect  .   (helmet restricted)
rElec   .          Harm     .   f - +1 cloak
rCorr   .          Rampage  .   (gloves unavailable)
Will    .....                   (boots unavailable)
Stlth   +.........              (no amulet)
HPRegen 0.13/turn               (no ring)
MPRegen 0.11/turn               (no ring)

@: no status effects
A: large, unfitting armour, tough skin 1
a: no special abilities


You were on level 3 of the Dungeon.
You visited 1 branch of the dungeon, and saw 3 of its levels.

You collected 68 gold pieces.

Inventory:

Hand Weapons
 d - a +0 dagger (weapon)
Armour
 b - a +0 robe (worn)
 f - a +1 cloak (worn)
Scrolls
 a - a scroll of identify {unknown}
 c - a scroll of teleportation {unknown}
 e - a scroll of noise {unknown}
 g - a scroll of fog {unknown}


   Skills:
 - Level 1.7 Dodging
 - Level 1.4 Stealth
 + Level 3.8 Spellcasting
 - Level 0.8 Transmutations
 - Level 4.0 Earth Magic


You had 9 spell levels left.
You knew the following spells:

 Your Spells              Type           Power      Damage    Failure   Level
a - Sandblast             Erth           34%        2d9       3%          1

Your spell library contained the following spells:

 Spells                   Type           Power      Damage    Failure   Level
 Passwall                 Tmut/Erth      10%        N/A       9%          2
 Stone Arrow              Conj/Erth      20%        3d8       21%         3
 Petrify                  Tmut/Erth      12%        N/A       50%         4


Dungeon Overview and Level Annotations

Branches:
Dungeon (3/15)

Altars:
Nemelex Xobeh

Annotations:
D:2 Sigmund


Innate Abilities, Weirdness & Mutations

You are too large for most types of armour.
You have tough skin. (AC +1)


Message History

You are too injured to fight recklessly!
You are too injured to fight recklessly!
You are too injured to fight recklessly!
You are too injured to fight recklessly!
You are too injured to fight recklessly!
You are too injured to fight recklessly!
You are too injured to fight recklessly!
There is a stone staircase leading up here.
The worm bites you but does no damage.
You completely miss the worm. The worm barely misses you.
You completely miss the worm. You hit the worm.
The worm is lightly wounded.
The worm bites you!
* * * LOW HITPOINT WARNING * * *
You completely miss the worm.
The worm is lightly wounded.
You hit the worm.
The worm is moderately wounded.
The worm bites you.
* * * LOW HITPOINT WARNING * * *
You hit the worm.
The worm is moderately wounded.
The worm bites you.
* * * LOW HITPOINT WARNING * * *
You hit the worm.
The worm is heavily wounded.
You hit the worm.
The worm is heavily wounded.
The worm barely misses you.
You hit the worm but do no damage.
The worm is heavily wounded.
You barely miss the worm.
The worm is heavily wounded.
The worm bites you.
* * * LOW HITPOINT WARNING * * *
You hit the worm.
The worm is heavily wounded.
The worm bites you!
You die...

..#.....#.. #..#
.#.....#. #.## ###..#
.......
...######....#######
.....
#................... ...
#.#######.#.######## #†#
#.# #.#.##
##.########.## #.#..#
#...<........######.##.#
#..###......w@......##.#
#..# #.#####.#.#######.#
....# #.# #.#.# #.#
####.# #.# #.#.# #.# ...
..# #.#.. ..# #.. ..#
#.### ### #. #### #.#
#.# #.#


You could see a worm.

Vanquished Creatures
  A gnoll (D:1)
  4 adders
  A dart slug (D:2)
  5 endoplasms
  3 goblins
  6 hobgoblins
  3 quokkas
  5 ball pythons
  3 bats
  2 frilled lizards (D:2)
  2 kobolds (D:1)
  4 rats (D:1)
39 creatures vanquished.

Notes
Turn   | Place    | Note
-------+----------+-------------------------------------------
     0 | D:1      | Bruhh the Ogre Earth Elementalist began the quest for the
                  | Orb.
     0 | D:1      | Reached XP level 1. HP: 16/16 MP: 3/3
   209 | D:1      | Reached skill level 3 in Earth Magic
   252 | D:1      | Reached XP level 2. HP: 24/24 MP: 3/5
   488 | D:1      | Reached XP level 3. HP: 29/31 MP: 2/7
   934 | D:2      | Found a sparkling altar of Nemelex Xobeh.
  1273 | D:2      | Reached XP level 4. HP: 28/39 MP: 9/9
  1718 | D:2      | Found a faded altar of an unknown god.
  1895 | D:2      | Reached skill level 4 in Earth Magic
  2013 | D:2      | Noticed Sigmund
  2427 | D:3      | Slain by a worm

Illustrated notes

Levels and vault maps discovered:
D:1:      wander_arrival_estate, layout_basic
D:2:      layout_basic, dreamdust_ecumenical_altar_statues, basic_altar,
          uniq_sigmund
D:3:      layout_loops_ring, grunt_ministairs_15, minmay_diced_spiral

Skill      XL: |  1  2  3  4 |
---------------+-------------+-----
Earth Magic    | 3 4 |  4.0
Spellcasting   | 3 |  3.8
Dodging        | |  1.7
Stealth        | |  1.4
Transmutations | |  0.8

Action                   |  1- 3 |  4- 6 || total
-------------------------+-------+-------++-------
Melee: Unarmed           |     6 |       ||     6
       Dagger            |    40 |    99 ||   139
       Punch             |       |     1 ||     1
 Cast: Sandblast         |    33 |       ||    33
Armor: Robe              |    26 |    31 ||    57
Dodge: Dodged            |    20 |    46 ||    66
